 Dungeon Crawl Stone Soup version 0.31.0-9-g3a7656b989 (webtiles) character file.

Game seed: 17716688876308112594

92 qw the Ducker (level 4, -2/22 HPs)
             Began as a Spriggan Hunter on Feb 2, 2024.
             Killed by nerve-wracking pain
             ... invoked by an orc priest
              (11 damage)
             ... on level 3 of the Dungeon.
             The game lasted 00:00:06 (1744 turns).

qw the Ducker (Spriggan Hunter)                     Turns: 1744, Time: 00:00:07

Health: -2/22      AC:  2    Str:  7    XL:     4   Next: 35%
Magic:  5/5        EV: 21    Int: 10    God:
Gold:   119        SH:  0    Dex: 26    Spells: 3/3 levels left

rFire   . . .        a - +0 shortbow
rCold   . . .        (shield currently unavailable)
rNeg    . . .        c - +0 robe
rPois   .            (helmet restricted)
rElec   .            (no cloak)
rCorr   .            (gloves unavailable)
SInv    +            (boots unavailable)
Will    .....        g - amulet of faith
Stlth   ++           f - +6 ring of dexterity
HPRegen 0.23/turn    (no ring)
MPRegen 0.09/turn

%: faith
@: very quick
A: very small, no large weapons, unfitting armour, see invisible, speed 3
a: no special abilities


You were on level 3 of the Dungeon.
You visited 1 branch of the dungeon, and saw 3 of its levels.

You collected 119 gold pieces.


Innate Abilities, Weirdness & Mutations

You are very small and have problems with some larger weapons.
You are too small for most types of armour.
You have supernaturally acute eyesight. (SInv)
You cover ground extremely quickly. (Speed+++)


   Skills:
 - Level 1.5 Fighting
 + Level 4.9 Ranged Weapons
 - Level 5.0 Dodging
 - Level 1.5 Stealth


You had 3 spell levels left.
You didn't know any spells.
Your spell library was empty.

Inventory:

Hand Weapons
 a - a +0 shortbow (weapon)
Armour
 c - a +0 robe (worn)
Jewellery
 e - a ring of fire
 f - a +6 ring of dexterity (left hand)
 g - an amulet of faith (around neck)
Scrolls
 b - a scroll of identify
 d - a scroll of poison {unknown}
 h - a scroll of teleportation
 j - a scroll of blinking {unknown}
 k - a scroll of enchant weapon {unknown}
Potions
 i - a potion of resistance {unknown}

Dungeon Overview and Level Annotations

Branches:
Dungeon (3/15)

Altars:


Message History

An orc is nearby!
1722 ||| FLEEEEING.
1723 ||| FLEEEEING.
You start resting.
An orc is nearby!
1730 ||| FLEEEEING.
1731 ||| FLEEEEING.
1732 ||| FLEEEEING.
1733 ||| FLEEEEING.
You shoot an arrow. The arrow hits the orc.
The orc is heavily wounded.
You shoot an arrow. The arrow closely misses the orc.
You shoot an arrow. The arrow closely misses the orc.
You shoot an arrow. The arrow hits the orc!
You kill the orc!
You shoot an arrow. The arrow hits the orc.
The orc is heavily wounded.
The orc closely misses you.
You shoot an arrow. The arrow closely misses the orc.
The orc priest closely misses you. The orc completely misses you.
You shoot an arrow. The arrow hits the orc!
You kill the orc!
The orc priest hits you with a +0 club.
The orc priest mumbles some strange prayers to Beogh against you.
Pain shoots through your body!
You shoot an arrow.
The arrow hits the orc priest but does no damage.
The orc priest hits you with a +0 club.
You shoot an arrow. The arrow barely misses the orc priest.
The orc priest begins to cast a cantrip, but forgets the words!
You shoot an arrow. The arrow hits the orc priest.
The orc priest is lightly wounded.
The orc priest hits you with a +0 club.
You shoot an arrow.
The arrow hits the orc priest but does no damage.
The orc priest is lightly wounded.
The orc priest mumbles some strange prayers to Beogh against you.
Pain shoots through your body!
Ouch! That really hurt!
You die...

... #.....##....# #.# #..#
... #......###### #.# ##.##
#......### #o# #..#
#........## #.###.##
#......#..# ##.##..###
............## #...%....#
.............# #........#
..............### #........#
..............@)####o.......#
.%..........##o##..........#
...........#..............#
.........#..##.#........#
).......#...#.##########
........#....>#
.......####### .......


You could see an orc priest.

Vanquished Creatures
  3 adders
  3 ribbon worms
  2 dart slugs
  2 orcs (D:3)
  3 ball pythons
  4 endoplasms
  3 giant cockroaches
  2 hobgoblins
  6 jackals
  3 kobolds
  4 quokkas
  6 bats
  A frilled lizard (D:3)
  2 goblins
  4 rats
48 creatures vanquished.

Notes
Turn   | Place    | Note
-------+----------+-------------------------------------------
     0 | D:1      | qw the Spriggan Hunter began the quest for the Orb.
     0 | D:1      | Reached XP level 1. HP: 10/10 MP: 2/2
     0 | D:1      | 0 ||| qw: Version: 0.3-a-155-g5e7d8dd
     0 | D:1      | 0 ||| qw: Game counter: 240
     0 | D:1      | 0 ||| qw: Melee chars always use a shield: true
     0 | D:1      | 0 ||| qw: God list: Okawaru
     0 | D:1      | 0 ||| qw: Allow faded altars: false
     0 | D:1      | 0 ||| qw: Do Orc after clearing Dungeon:15 true
     0 | D:1      | 0 ||| qw: Do second Lair branch before Depths: true
     0 | D:1      | 0 ||| qw: Lair rune preference: random
     0 | D:1      | 0 ||| qw: Goals: Normal
     0 | D:1      | 0 ||| PLANNING D:1-11
   143 | D:1      | Reached skill level 3 in Dodging
   288 | D:1      | Reached XP level 2. HP: 14/14 MP: 3/3
   408 | D:1      | Reached skill level 4 in Dodging
   669 | D:1      | 669 ||| UPGRADING to amulet of faith.
   674 | D:1      | 674 ||| UPGRADING to +6 ring of dexterity.
   675 | D:1      | 675 ||| READING scroll labelled MIR UPHUUNLUN.
   679 | D:1      | 679 ||| READING scroll labelled ZEJEL WABA.
   680 | D:1      | 680 ||| DROPPING scroll of butterflies.
   727 | D:2      | Found a faded altar of an unknown god.
   758 | D:2      | Reached XP level 3. HP: 18/18 MP: 4/4
   923 | D:2      | Reached skill level 5 in Dodging
  1210 | D:2      | 1210 ||| READING scroll of identify.
  1210 | D:2      | 1210 ||| IDENTIFYING fuming golden potion
  1211 | D:2      | 1211 ||| DROPPING potion of brilliance.
  1382 | D:3      | Reached XP level 4. HP: 22/22 MP: 5/5
  1671 | D:3      | 1671 ||| FLEEEEING.
  1673 | D:3      | 1673 ||| FLEEEEING.
  1674 | D:3      | 1674 ||| FLEEEEING.
  1675 | D:3      | 1675 ||| FLEEEEING.
  1676 | D:3      | 1676 ||| FLEEEEING.
  1679 | D:3      | 1679 ||| FLEEEEING.
  1680 | D:3      | 1680 ||| FLEEEEING.
  1681 | D:3      | 1681 ||| FLEEEEING.
  1682 | D:3      | 1682 ||| FLEEEEING.
  1683 | D:3      | 1683 ||| FLEEEEING.
  1686 | D:3      | 1686 ||| FLEEEEING.
  1687 | D:3      | 1687 ||| FLEEEEING.
  1688 | D:3      | 1688 ||| FLEEEEING.
  1689 | D:3      | 1689 ||| FLEEEEING.
  1690 | D:3      | 1690 ||| FLEEEEING.
  1691 | D:3      | 1691 ||| FLEEEEING.
  1692 | D:3      | 1692 ||| FLEEEEING.
  1693 | D:3      | 1693 ||| FLEEEEING.
  1694 | D:3      | 1694 ||| FLEEEEING.
  1695 | D:3      | 1695 ||| FLEEEEING.
  1696 | D:3      | 1696 ||| FLEEEEING.
  1697 | D:3      | 1697 ||| FLEEEEING.
  1698 | D:3      | 1698 ||| FLEEEEING.
  1704 | D:3      | 1704 ||| FLEEEEING.
  1705 | D:3      | 1705 ||| FLEEEEING.
  1706 | D:3      | 1706 ||| FLEEEEING.
  1707 | D:3      | 1707 ||| FLEEEEING.
  1708 | D:3      | 1708 ||| FLEEEEING.
  1709 | D:3      | 1709 ||| FLEEEEING.
  1710 | D:3      | 1710 ||| FLEEEEING.
  1711 | D:3      | 1711 ||| FLEEEEING.
  1712 | D:3      | 1712 ||| FLEEEEING.
  1713 | D:3      | 1713 ||| FLEEEEING.
  1714 | D:3      | 1714 ||| FLEEEEING.
  1715 | D:3      | 1715 ||| FLEEEEING.
  1716 | D:3      | 1716 ||| FLEEEEING.
  1717 | D:3      | 1717 ||| FLEEEEING.
  1719 | D:3      | 1719 ||| FLEEEEING.
  1720 | D:3      | 1720 ||| FLEEEEING.
  1722 | D:3      | 1722 ||| FLEEEEING.
  1723 | D:3      | 1723 ||| FLEEEEING.
  1730 | D:3      | 1730 ||| FLEEEEING.
  1731 | D:3      | 1731 ||| FLEEEEING.
  1732 | D:3      | 1732 ||| FLEEEEING.
  1733 | D:3      | 1733 ||| FLEEEEING.
  1744 | D:3      | Killed from afar by an orc priest

Levels and vault maps discovered:
D:1:      dpeg_arrival_water_fire, layout_loops_ring
D:2:      layout_loops_ring, nicolae_ecumenical_pavilion, corexii_hall_statues_i
D:3:      layout_basic, zin_purify, serial_shops, nicolae_shop_back_alley_shop

Skill      XL: |  1  2  3 |
---------------+----------+-----
Dodging        | 3 4 5 |  5.0
Fighting       | |  1.5
Ranged Weapons | |  4.9
Stealth        | |  1.5

Action                     |  1- 3 |  4- 6 || total
---------------------------+-------+-------++-------
   Fire: Shortbow          |    90 |    43 ||   133
    Use: Scroll            |     3 |       ||     3
 Armour: Robe              |    10 |     4 ||    14
  Dodge: Dodged            |    26 |     6 ||    32

Table legend:
 A = Non-vault XP
 B = Vault XP
 C = Vault XP percentage of total XP
 D = Non-vault monster count
 E = Vault monster count
 F = Vault count percentage of total count
                 A         B        C        D         E       F
            +---------+---------+-------+---------+---------+-------
      Total |     132 |       0 |   0.0 |      48 |       0 |   0.0
            +---------+---------+-------+---------+---------+-------
        D:1 |      24 |       0 |   0.0 |      14 |       0 |   0.0
        D:2 |      51 |       0 |   0.0 |      17 |       0 |   0.0
        D:3 |      57 |       0 |   0.0 |      17 |       0 |   0.0
            +---------+---------+-------+---------+---------+-------
